 Dungeon Crawl Stone Soup version 0.30-a0-965-g42e074c17a (webtiles) character file.

Game seed: 7603491835863925986

749 Zonian the Ruffian (level 7, -3/58 HPs)
             Began as a Vine Stalker Gladiator on Mar 31, 2023.
             Was an Initiate of Ashenzari.
             Slain by a killer bee (4 damage)
             ... on level 4 of the Dungeon.
             The game lasted 00:10:18 (5147 turns).

Zonian the Ruffian (Vine Stalker Gladiator)         Turns: 5147, Time: 00:10:18

Health: -3/58      AC:  4    Str: 19    XL:     7   Next: 77%
Magic:  0/8        EV: 12    Int:  8    God:    Ashenzari [......]
Gold:   174        SH:  0    Dex: 15    Spells: 6/6 levels left

rFire   . . .      SeeInvis .      - Unarmed
rCold   . . .      Faith    .    (no shield)
rNeg    . . .      Spirit   +    a - +0 leather armour
rPois   .          Reflect  .    b - +0 helmet of Ashenzari's Mistrust {Elem, Evo} (curse)
rElec   .          Rampage  .    k - scarf {shadows}
rCorr   +                        (no gloves)
Will    .....                    (no boots) Stlth
                                 (no amulet)
HPRegen 1.09/turn                v - ring of resist corrosion
MPRegen 0.11/turn                (no ring)

@: berserking, lethally poisoned (-3 -> -4), very quick
A: fangs 2, regeneration 1, magic shield, antimagic bite, no potion heal 2
a: Renounce Religion, Curse Item, Shatter the Chains


You were on level 4 of the Dungeon.
You worshipped Ashenzari.
Ashenzari was noncommittal.
You visited 1 branch of the dungeon, and saw 5 of its levels.

You collected 174 gold pieces.

Inventory:

Missiles
 c - 2 throwing nets (quivered)
 d - a javelin
 f - 5 atropa-tipped darts
 x - 5 poisoned darts
Armour
 a - a +0 leather armour (worn)
 b - the cursed +0 helmet of Ashenzari's Mistrust (worn) {Elem, Evo}

   It has a curse which improves the following skills: Elements: Fire Magic, Ice
   Magic, Air Magic and Earth Magic.
   Evocations: Evocations.
 k - a scarf of shadows (worn)
Jewellery
 h - a ring of wizardry
 v - a ring of resist corrosion (left hand)
Wands
 n - a wand of flame (3)
 r - a wand of paralysis (8)
Scrolls
 e - 3 scrolls of immolation {unknown}
 i - 2 scrolls of butterflies {unknown}
 m - a scroll of noise {unknown}
 p - a scroll of magic mapping {unknown}
 q - a scroll of teleportation {unknown}
 t - a scroll of silence {unknown}
 w - a scroll of brand weapon {unknown}
 z - a scroll of fog {unknown}
 A - a scroll of vulnerability {unknown}
 B - a scroll of amnesia {unknown}
Potions
 g - a potion of brilliance
 j - 3 potions of flight
 l - a potion of might
 s - a potion of attraction {unknown}


   Skills:
 + Level 5.3 Fighting
 - Level 2.4 Throwing
 - Level 2.8 Dodging
 + Level 6.3 Unarmed Combat


You had 6 spell levels left.
You didn't know any spells.
Your spell library contained the following spells:

 Spells                   Type           Power      Damage    Failure   Level
 Sting                    Tmut/Pois      0%         1d3       45%         1
 Poisonous Vapours        Pois/Air       0%         N/A       61%         2
 Summon Guardian Golem    Hex/Summ       0%         N/A       83%         3
 Olgreb's Toxic Radiance  Pois           0%         N/A       99%         4
 Orb of Destruction       Conj           0%         9d5       100%        7
 Spellforged Servitor     Conj/Summ      0%         N/A       100%        7


Dungeon Overview and Level Annotations

Branches:
Dungeon (5/15)             Temple (0/1) D:4

Altars:
Ashenzari
Cheibriados
Kikubaaqudgha
Vehumet

Shops:
D:4 (


Innate Abilities, Weirdness & Mutations

You have extremely sharp teeth.
Your natural rate of healing is unusually fast.
When hurt, damage is shared between your health and your magic reserves.
Your bite disrupts and absorbs the magic of your enemies.
Potions cannot restore your health.


Message History

The killer bee stings you.
* * * LOW HITPOINT WARNING * * *
The killer bee stings you but does no damage.
You miss the killer bee. Your bite misses the killer bee.
The killer bee is heavily wounded.
You feel sick.
The killer bee stings you but does no damage.
The killer bee completely misses you.
Unknown command.
You closely miss the killer bee. Your bite misses the killer bee.
The killer bee is heavily wounded.
You feel sick. The killer bee closely misses you. The killer bee stings you.
* * * LOW HITPOINT WARNING * * *
The killer bee misses you. The killer bee completely misses you.
Unknown command.
Okay, then.
Okay, then.
You miss the killer bee. You bite the killer bee. You drain its power.
You feel invigorated.
The killer bee is severely wounded.
You feel sick. The killer bee closely misses you. x2
The killer bee stings you but does no damage.
The killer bee stings you.
* * * LOW HITPOINT WARNING * * *
You miss the killer bee. You bite the killer bee.
You kill the killer bee!
You feel sick. The killer bee closely misses you. The killer bee misses you.
Aiming: Paralyse
Press: ? - help, Shift-Dir - straight line, f - killer bee
Aim: a killer bee (chance to affect: 57%)
The killer bee resists with significant effort.
You feel sick. The killer bee barely misses you. The killer bee stings you.
You are lethally poisoned!
The killer bee poisons you!
It was a potion of berserk rage.
A red film seems to cover your vision as you go berserk!
You feel yourself moving faster!
You feel mighty!
* * * LOW HITPOINT WARNING * * *
You feel sick. The killer bee barely misses you. The killer bee stings you.
You die...

..####.#.♣.♣......#####.#..##5..#
..#........................#55∩:.
.......##♣.♣.♣#.#.#........##5$.#
..#.##.##.......#.#.........#####
..#.##.##♣.♣.♣..#.#..............
....##......#.#.#.#........######
....###.#♣.♣#.#.....##...#.#
....###.#...#.#y#>.###...#.#
................@#.###...#.#
..............#..#..##...#.#
...........)..##..#.##...#.#
.........>....##..#.##...#.#
.....#.#......##.........#.#
..........)<..##.........#.#
.....#.#<..#).##......####.#
.....#.#...#..##.#....# #.######
.................#....# #.##....


You could see a killer bee.

Vanquished Creatures
  Grinder (D:4)
  An ice beast (D:5)
  A kobold brigand (D:4)
  A scorpion (D:4)
  A killer bee (D:4)
  An orc priest (D:4)
  A hound (D:3)
  An orc wizard (D:4)
  Ijyb (D:3)
  A gnoll (D:3)
  6 adders
  A white imp (D:4)
  2 worms
  2 dart slugs
  11 orcs
  2 ball pythons
  8 endoplasms
  3 giant cockroaches
  3 goblins
  5 hobgoblins
  2 jackals (D:2)
  6 quokkas
  3 bats (D:1)
  2 frilled lizards (D:3)
  5 kobolds
  22 rats
93 creatures vanquished.

Vanquished Creatures (others)
  4 plants (D:4)
4 creatures vanquished.

Grand Total: 97 creatures vanquished

Notes
Turn   | Place    | Note
-------+----------+-------------------------------------------
     0 | D:1      | Zonian the Vine Stalker Gladiator began the quest for the
                  | Orb.
     0 | D:1      | Reached XP level 1. HP: 11/11 MP: 2/2
   178 | D:1      | Reached XP level 2. HP: 9/15 MP: 1/3
  1073 | D:2      | Reached XP level 3. HP: 18/18 MP: 4/4
  1262 | D:2      | Found a broken altar of Ashenzari.
  1278 | D:2      | Became a worshipper of Ashenzari the Shackled
  1832 | D:2      | Gained mutation: Your natural rate of healing is unusually
                  | fast. [Vine Stalker growth]
  1832 | D:2      | Reached XP level 4. HP: 18/23 MP: 3/5
  2287 | D:3      | Noticed Ijyb
  3043 | D:3      | Killed Ijyb
  3044 | D:3      | Reached skill level 4 in Unarmed Combat
  3044 | D:3      | Reached XP level 5. HP: 28/28 MP: 6/6
  3111 | D:3      | Found a radiant altar of Vehumet.
  3153 | D:3      | Found a snail-covered altar of Cheibriados.
  3154 | D:3      | Found an ancient bone altar of Kikubaaqudgha.
  3367 | D:4      | Noticed a kobold brigand
  3403 | D:4      | Found a staircase to the Ecumenical Temple.
  3403 | D:4      | Noticed Grinder
  3408 | D:4      | Paralysed by Grinder for 5 turns
  3688 | D:4      | Killed a kobold brigand
  3689 | D:4      | Reached XP level 6. HP: 28/33 MP: 2/7
  3757 | D:4      | Found Jeanetoe's Antique Weapon Boutique.
  3873 | D:4      | Reached skill level 5 in Unarmed Combat
  4216 | D:4      | Killed Grinder
  4217 | D:4      | Reached XP level 7. HP: 19/38 MP: 5/8
  4618 | D:4      | Reached skill level 6 in Unarmed Combat
  4621 | D:4      | Reached skill level 5 in Fighting
  4862 | D:5      | Entered Level 5 of the Dungeon
  5144 | D:4      | HP: 1/39 [killer bee (1)]
  5147 | D:4      | Slain by a killer bee

Illustrated notes

Levels and vault maps discovered:
D:1:      dpeg_arrival_boxorama, layout_basic, minmay_misc_feat_tiny,
          grunt_decor_arrowhead
D:2:      layout_basic, basic_altar, serial_curves, eino_curves_04,
          eino_curves_03, eino_curves_02, eino_curves_03
D:3:      layout_basic, vehumet_altar_wand_db, grunt_temple_overflow_open,
          minmay_misc_feat_rugged, uniq_ijyb
D:4:      cheibrodos_quashed, layout_basic, minmay_temple_entry_overgrown,
          serial_forest, infiniplex_forest_straight_4,
          infiniplex_forest_lined_3, infiniplex_forest_end_2,
          infiniplex_forest_straight_2, infiniplex_forest_zigzag_1,
          infiniplex_forest_lined_3_way, serial_shops, shop, minmay_rat_hole,
          uniq_grinder
D:5:      layout_basic, nicolae_gozag_seed_capital,
          mainiacjoe_overflow_alcove_2, serial_shops,
          nicolae_shop_bloodbath_and_beyond, minmay_checkerbox

Skill      XL: |  1  2  3  4  5  6  7 |
---------------+----------------------+-----
Fighting       | 2 3 4 5 |  5.3
Throwing       | 2 |  2.4
Unarmed Combat | 4 5 6 |  6.3
Dodging        | |  2.8

Action                     |  1- 3 |  4- 6 |  7- 9 || total
---------------------------+-------+-------+-------++-------
  Melee: Unarmed           |    98 |   161 |    43 ||   302
         Bite              |    28 |    34 |    13 ||    75
         Punch             |     2 |     3 |     4 ||     9
  Throw: Throwing net      |     1 |       |       ||     1
         Dart              |       |     5 |       ||     5
 Invoke: Curse Item        |       |     1 |       ||     1
  Evoke: Wand              |       |     4 |     2 ||     6
    Use: Scroll            |       |     3 |       ||     3
         Potion            |       |       |     2 ||     2
   Stab: Sleeping          |     2 |     1 |       ||     3
 Armour: Leather armour    |    19 |    23 |    19 ||    61
         Skin              |       |     4 |       ||     4
  Dodge: Dodged            |    47 |    82 |    33 ||   162

Table legend: (Time is in decaauts)
 A = Elapsed time spent in this place.
 B = Non-inter-level travel time spent in this place.
 C = Inter-level travel time spent in this place.
 D = Time resting spent in this place.
 E = Time spent auto-exploring this place.
 F = Levels seen in this place.
 G = Mean time per level.
                   A        B        C        D        E       F      G
               +--------+--------+--------+--------+--------+-----+--------+
         Total |   5129 |   4774 |    355 |    978 |   2705 |   5 | 1025.8 |
       Dungeon |   5129 |   4774 |    355 |    978 |   2705 |   5 | 1025.8 |
               +--------+--------+--------+--------+--------+-----+--------+

Top non-repeatable levels by time:
     D:4: 1551 daAuts
     D:2: 1448 daAuts
     D:3: 1097 daAuts
     D:1: 1017 daAuts
     D:5: 13 daAuts
